 Dungeon Crawl Stone Soup version 0.30.1 (webtiles) character file.

Game seed: 17337076361877610941

93 Arctor the Shield-Bearer (level 4, -4/41 HPs)
             Began as a Minotaur Fighter on July 13, 2023.
             Was a Follower of Cheibriados.
             Slain by an ogre
             ... wielding a +0 giant club
              (20 damage)
             ... on level 3 of the Dungeon.
             The game lasted 00:01:25 (2021 turns).

Arctor the Shield-Bearer (Minotaur Fighter)         Turns: 2021, Time: 00:01:26

Health: -4/41      AC:  7    Str: 24    XL:     4   Next: 36%
Magic:  3/3        EV:  9    Int:  7    God:    Cheibriados [*.....]
Gold:   131        SH:  5    Dex: 12    Spells: 3/3 levels left

rFire   . . .        k - +2 hand axe (vamp)
rCold   . . .        c - +0 buckler
rNeg    . . .        b - +0 scale mail
rPois   .            (helmet restricted)
rElec   .            (no cloak)
rCorr   .            (no gloves)
SInv    .            (no boots)
Will    .....        (no amulet) Stlth
                     (no ring)
HPRegen 0.26/turn    (no ring)
MPRegen 0.08/turn

%: no passive effects
@: very slow
A: horns 2, retaliatory headbutt
a: Renounce Religion, Bend Time


You were on level 3 of the Dungeon.
You worshipped Cheibriados.
Cheibriados was aware of your devotion.
You visited 1 branch of the dungeon, and saw 3 of its levels.

You collected 131 gold pieces.

Inventory:

Hand Weapons
 a - a +0 war axe
 k - a +2 vampiric hand axe (weapon)
Missiles
 i - 5 boomerangs (quivered)
Armour
 b - a +0 scale mail (worn)
 c - a +0 buckler (worn)
Jewellery
 f - a ring of willpower
Scrolls
 e - 5 scrolls of teleportation {unknown}
 j - a scroll of identify {unknown}
 o - a scroll of magic mapping {unknown}
 p - a scroll of fog {unknown}
 q - 2 scrolls of amnesia {unknown}
Potions
 d - a potion of might
 g - a potion of berserk rage {unknown}
 h - a potion of attraction {unknown}
 l - a potion of curing {unknown}
 m - 2 potions of flight {unknown}
 n - a potion of haste {unknown}


   Skills:
 + Level 4.4 Fighting
 + Level 3.5 Axes
 + Level 4.4 Armour
 + Level 4.4 Shields


You had 3 spell levels left.
You didn't know any spells.
Your spell library contained the following spells:

 Spells                   Type           Power      Damage    Failure   Level
 Poisonous Vapours        Pois/Air       0%         N/A       89%         2
 Sublimation of Blood     Necr           0%         N/A       89%         2
 Mephitic Cloud           Conj/Pois/Air  0%         N/A       98%         3
 Petrify                  Tmut/Erth      0%         N/A       100%        4
 Freezing Cloud           Conj/Ice/Air   0%         6-21      100%        5
 Irradiate                Conj/Tmut      0%         3d11      100%        5


Dungeon Overview and Level Annotations

Branches:
Dungeon (3/15)

Altars:
Cheibriados

Shops:
D:1 !


Innate Abilities, Weirdness & Mutations

You have a pair of horns on your head.
You reflexively headbutt those who attack you in melee.


Message History

A kobold is nearby!
You completely miss the kobold. The kobold hits you but does no damage.
You closely miss the kobold. The kobold barely misses you.
You furiously retaliate!
You headbutt the kobold. The kobold barely misses you.
A kobold is nearby!
You closely miss the kobold.
The kobold is moderately wounded.
The kobold closely misses you.
A kobold is nearby!
A kobold is nearby!
You slash the kobold!
You kill the kobold!
Cheibriados appreciates the change of pace.
As you open the door, it creaks loudly!
You hear a shout! x2
No target in view!
There is an open door here.
An orc comes into view. It is wielding a +0 dagger.
The orc shouts!
An ogre comes into view. It is wielding a +0 giant club.
An orc comes into view. It is wielding a +0 dagger.
The orc shouts!
The ogre completely misses you. You furiously retaliate!
You headbutt the ogre!
There are monsters nearby!
You slash the ogre! Your headbutt misses the ogre.
The ogre is heavily wounded.
An orc comes into view. It is wielding a +0 club.
There are monsters nearby!
You hit the ogre.
The ogre is severely wounded.
The ogre hits you with a +0 giant club.
There are monsters nearby!
You hit the ogre.
You feel better.
You headbutt the ogre.
The ogre is severely wounded.
You slash the orc!
You feel better. The orc hits you but does no damage.
The ogre hits you with a +0 giant club!!
Ouch! That really hurt!
Unknown command.
The ogre attacks as you move away!
The ogre hits you with a +0 giant club!!
You die...

#.# ..... .....
#.# ..... #....
#.# ....^
###o...######.#
.....
........##....#
.....
........##.####
....
.....o..##.#
###
......Oo##.# #
#@##.# # #..#.#
# ######'#.#
#########
#....)...#
........#
#........+
.........
#.......##
..).....#
.........#
.........
..)......#
........#
......####
..#.#####


You could see an ogre and 3 orcs.

Vanquished Creatures
  3 adders (D:2)
  2 worms
  9 ball pythons
  2 bats (D:1)
  5 endoplasms (D:1)
  11 giant cockroaches (D:2)
  3 goblins
  5 hobgoblins
  A quokka (D:1)
  3 frilled lizards
  6 kobolds
  7 rats
57 creatures vanquished.

Notes
Turn   | Place    | Note
-------+----------+-------------------------------------------
     0 | D:1      | Arctor the Minotaur Fighter began the quest for the Orb.
     0 | D:1      | Reached XP level 1. HP: 19/19 MP: 0/0
   122 | D:1      | Reached XP level 2. HP: 21/27 MP: 1/1
   394 | D:1      | Found Leucir's Distillery.
  1028 | D:2      | Reached XP level 3. HP: 32/33 MP: 2/2
  1065 | D:2      | Found a snail-covered altar of Cheibriados.
  1203 | D:2      | Became a worshipper of Cheibriados the Contemplative
  1485 | D:2      | Reached XP level 4. HP: 40/40 MP: 3/3
  1616 | D:2      | Reached * piety under Cheibriados
  2016 | D:3      | Noticed an ogre
  2021 | D:3      | Slain by an ogre

Illustrated notes

Levels and vault maps discovered:
D:1:      dpeg_arrival_stone_temple_mockup, layout_basic, serial_shops,
          shop_statue
D:2:      minmay_roachtagon, layout_loops_ring, basic_altar
D:3:      layout_basic, fedhas_altar_1, shapermc_ecumenical_altar_flowoftime

Skill      XL: |  1  2 |
---------------+-------+-----
Fighting       | 4 |  4.4
Armour         | 4 |  4.4
Shields        | 4 |  4.4
Axes           | 3 |  3.5

Action                     |  1- 3 |  4- 6 || total
---------------------------+-------+-------++-------
  Melee: War axe           |    47 |       ||    47
         Headbutt          |     9 |     5 ||    14
         Hand axe          |    23 |    27 ||    50
 Armour: Scale mail        |    22 |    15 ||    37
  Dodge: Dodged            |    30 |     9 ||    39
  Block: Buckler           |    12 |     2 ||    14
